[Event "TCEC Season 20 - Qualification League"]
[Site "https://tcec-chess.com"]
[Date "2020.12.01"]
[Round "12.2"]
[White "A0lite v0.1.2_BadGyalXL9d"]
[Black "Stash 24.0"]
[Result "1-0"]
[ECO "B90"]
[WhiteElo "3026"]
[BlackElo "3121"]
[Annotator "NA RC"]
[PlyCount "142"]
[EventDate "2020.??.??"]
[SourceTitle "playchess.com"]
[Source "ChessBase"]
[SourceQuality "1"]
[TimeControl "1800+5"]

1. e4 c5 2. Nf3 d6 3. d4 cxd4 4. Nxd4 Nf6 5. Nc3 a6 6. h3 e6 7. g4 Nfd7 8. g5 Be7 9. Be3 b5 10. a3 Bb7 11. h4 O-O 12. Qd2 Ne5 13. f4 Ng4 14. Bg1 Nc6 15. O-O-O h5 16. gxh6 Nxh6 17. Kb1 Bf6 18. Nb3 Na5 19. Nxa5 Qxa5 20. Bd4 e5 21. fxe5 dxe5 22. Bc5 Rfd8 23. Bd3 Qc7 24. Be3 Ng4 25. Bg5 Rd6 26. Rdg1 Bd8 27. Qe2 Nf6 28. Bd2 Qe7 29. Rg3 Kh8 30. Rg5 Bb6 31. Rf1 Qe8 32. Qg2 b4 33. axb4 Qf8 34. Nd5 Bxd5 35. exd5 Re8 36. Bc3 Bd4 37. Bd2 e4 38. Bc4 e3 39. Be1 Kg8 40. c3 Be5 41. h5 Nd7 42. Rgf5 Rf6 43. Rxf6 Bxf6 44. Bxa6 Qd6 45. Be2 Re5 46. Bg3 Qxd5 47. Qxd5 Rxd5 48. Rf3 Bg5 49. Be1 Nf6 50. c4 Rd4 51. b5 Ne4 52. Kc2 Bh6 53. b6 Rd6 54. b7 Rb6 55. Bd3 Nc5 56. b4 Nxd3 57. Kxd3 Rxb7 58. c5 Rd7+ 59. Ke2 Rd4 60. c6 Rc4 61. b5 Bg5 62. Ba5 Be7 63. c7 Bb4 64. Rxe3 Bxa5 65. Re8+ Kh7 66. c8=Q Rxc8 67. Rxc8 Kh6 68. Ra8 Bc7 69. Rc8 Ba5 70. Rc6+ Kxh5 71. b6 Bxb6 1-0

[Event "TCEC Season 20 - Qualification League"]
[Site "https://tcec-chess.com"]
[Date "2020.12.01"]
[Round "12.3"]
[White "Cheese 2.2"]
[Black "MrBob 1.0.0_dev"]
[Result "0-1"]
[ECO "C00"]
[WhiteElo "3083"]
[BlackElo "2944"]
[Annotator "NA RC"]
[PlyCount "118"]
[EventDate "2020.??.??"]
[SourceTitle "playchess.com"]
[Source "ChessBase"]
[SourceQuality "1"]
[TimeControl "1800+5"]

1. e4 e6 2. Nf3 d5 3. exd5 exd5 4. d4 Nf6 5. Bd3 Bd6 6. O-O O-O 7. Nc3 c6 8. Re1 Bg4 9. h3 Bh5 10. Bf5 Qc7 11. Qd3 Nbd7 12. g4 Bg6 13. Bxg6 hxg6 14. Bd2 b5 15. g5 Nh5 16. Qf1 a5 17. Nd1 a4 18. Ne3 Rfe8 19. Ng4 Re4 20. Rad1 a3 21. b3 Nf8 22. c3 Bf4 23. Nge5 Ne6 24. Be3 Re8 25. Qg2 Bxe5 26. Nxe5 c5 27. f3 cxd4 28. cxd4 Rh4 29. Rc1 Qd8 30. Kf1 b4 31. Nc6 Qd6 32. Bd2 Kh7 33. Nxb4 Rxd4 34. Nc6 Rh4 35. Ne5 Nd4 36. Ng4 Qa6+ 37. Kg1 Re2 38. Rxe2 Nxe2+ 39. Kh1 Qd3 40. Rd1 Qc2 41. Ne3 Qxa2 42. Nf1 Nef4 43. Bxf4 Qxb3 44. Bg3 Qxd1 45. Bxh4 Nf4 46. Qf2 a2 47. Qxa2 Qxf1+ 48. Kh2 Ne2 49. Qxe2 Qxe2+ 50. Kg1 d4 51. Bg3 d3 52. Bf4 Qxf3 53. Bd2 Qd1+ 54. Kf2 Qxd2+ 55. Kf3 Qe2+ 56. Kg3 d2 57. Kf4 Qf2+ 58. Ke4 d1=Q 59. Ke5 Qdd4# 0-1

[Event "TCEC Season 20 - Qualification League"]
[Site "https://tcec-chess.com"]
[Date "2020.12.02"]
[Round "13.2"]
[White "Stash 24.0"]
[Black "Koivisto 4.10_dev"]
[Result "0-1"]
[ECO "E40"]
[WhiteElo "3121"]
[BlackElo "3190"]
[Annotator "NA RC"]
[PlyCount "182"]
[EventDate "2020.??.??"]
[SourceTitle "playchess.com"]
[Source "ChessBase"]
[SourceQuality "1"]
[TimeControl "1800+5"]

1. d4 Nf6 2. c4 e6 3. Nc3 Bb4 4. e3 Bxc3+ 5. bxc3 b6 6. Bd3 Bb7 7. Nf3 Be4 8. Qc2 Bxd3 9. Qxd3 O-O 10. e4 d6 11. O-O e5 12. Re1 Nbd7 13. Nh4 g6 14. Nf3 Kg7 15. Qe3 Ng8 16. a4 a5 17. Ba3 Re8 18. Qd3 Ngf6 19. h3 Qe7 20. Rab1 h6 21. Rb5 Qe6 22. Kh2 Nh7 23. Bc1 Nhf6 24. Ba3 Nh7 25. Bc1 Nhf6 26. Nd2 Kh7 27. Qe2 Rac8 28. Ba3 Nh5 29. d5 Qe7 30. g3 Ng7 31. Nf3 f5 32. exf5 Nxf5 33. Nd2 Qf7 34. f3 g5 35. Rb3 Qg6 36. Rb2 Nf6 37. Rb5 Re7 38. g4 Nh4 39. c5 bxc5 40. c4 Rf7 41. Rb3 Rcf8 42. Rf1 Nd7 43. Re3 Rf4 44. Kh1 Kg8 45. Ne4 Nf6 46. Nd2 Qc2 47. Rc1 Qa2 48. Qh2 e4 49. Rec3 Nxd5 50. cxd5 exf3 51. Qf2 Re8 52. Re1 Re2 53. Rxe2 fxe2 54. Qxe2 Qa1+ 55. Nb1 Qxb1+ 56. Bc1 Re4 57. Qf2 Qb4 58. Qd2 Qxa4 59. Kg1 Qe8 60. Re3 a4 61. Qd3 Rxe3 62. Bxe3 c4 63. Qe2 Qe5 64. Kf2 Qxd5 65. Kg3 Qe4 66. Kf2 c5 67. Bc1 Qg2+ 68. Ke3 Qxh3+ 69. Kf2 Qg2+ 70. Ke3 Qg3+ 71. Kd2 Nf3+ 72. Kc3 Ne5+ 73. Kb2 Qb3+ 74. Ka1 c3 75. Qa6 Qd1 76. Kb1 c2+ 77. Ka2 Qd5+ 78. Ka1 Qb3 79. Bb2 c4 80. Qc8+ Kf7 81. Qf5+ Ke7 82. Qh7+ Kd8 83. Qxh6 Kc7 84. Qg7+ Nd7 85. Qxg5 c3 86. Qc1 Nc5 87. Ba3 Nd3 88. Bxd6+ Kc8 89. Qxc2 Qxc2 90. Ba3 Nc5 91. g5 Nb3# 0-1

[Event "TCEC Season 20 - Qualification League"]
[Site "https://tcec-chess.com"]
[Date "2020.12.02"]
[Round "13.3"]
[White "Seer 1.2.1_dev"]
[Black "Halogen 20201128"]
[Result "*"]
[ECO "E10"]
[WhiteElo "3038"]
[BlackElo "3206"]
[Annotator "NA RC"]
[PlyCount "27"]
[EventDate "2020.??.??"]
[SourceTitle "playchess.com"]
[Source "ChessBase"]
[SourceQuality "1"]
[TimeControl "1800+5"]

1. d4 Nf6 2. c4 e6 3. Nf3 d5 4. Nc3 c5 5. cxd5 cxd4 6. Qxd4 exd5 7. e4 dxe4 8. Qxd8+ Kxd8 9. Ng5 Be6 10. Nxe6+ fxe6 11. Bg5 Ke8 12. Bb5+ Nc6 13. Bxc6+ bxc6 14. O-O-O *

[Event "TCEC Season 20 - Qualification League"]
[Site "https://tcec-chess.com"]
[Date "2020.12.02"]
[Round "14.3"]
[White "A0lite v0.1.2_BadGyalXL9d"]
[Black "Cheese 2.2"]
[Result "1-0"]
[ECO "C12"]
[WhiteElo "3026"]
[BlackElo "3083"]
[Annotator "NA"]
[PlyCount "152"]
[EventDate "2020.??.??"]
[SourceTitle "playchess.com"]
[Source "ChessBase"]
[SourceQuality "1"]
[TimeControl "1800+5"]

1. e4 e6 2. Nc3 d5 3. d4 Nf6 4. Bg5 Bb4 5. e5 h6 6. Bd2 Bxc3 7. bxc3 Ne4 8. Qg4 Kf8 9. Bd3 Nxd2 10. Kxd2 c5 11. h4 c4 12. Be2 Nc6 13. a4 Kg8 14. Nh3 Qa5 15. Rhb1 Rh7 16. h5 Rb8 17. Qf4 Qd8 18. Qe3 Bd7 19. f4 Qc7 20. g4 Ne7 21. Rg1 Qa5 22. f5 exf5 23. Qg3 Re8 24. Bf3 Nc6 25. Qf2 Nxe5 26. dxe5 d4 27. Qxd4 Rd8 28. Kc1 Be6 29. Qe3 Rd3 30. cxd3 Qxc3+ 31. Kd1 Qxa1+ 32. Ke2 Qxa4 33. Nf4 cxd3+ 34. Kf2 g5 35. hxg6 fxg6 36. gxf5 Bxf5 37. Bd5+ Kg7 38. e6 Kf8 39. Rc1 Qe8 40. Qe5 Qd8 41. Ke3 d2 42. Kxd2 Rg7 43. Rc4 b5 44. Rc1 Rh7 45. Ke2 Bg4+ 46. Kf1 Bf5 47. Ke1 h5 48. Kf1 a5 49. Rc3 Ke8 50. Rc5 b4 51. Bc6+ Kf8 52. Rd5 Qc8 53. Qf6+ Kg8 54. Rd8+ Qxd8 55. Qxd8+ Kg7 56. e7 Rh8 57. e8=Q Rxe8 58. Qxe8 Kf6 59. Qd8+ Ke5 60. Nd5 Be6 61. Qxa5 g5 62. Nxb4+ Kf6 63. Qd8+ Kf5 64. Qd3+ Kf6 65. Qd8+ Kf5 66. Qf8+ Bf7 67. Qg7 Bc4+ 68. Kg2 Bb3 69. Be8 h4 70. Bg6+ Ke6 71. Bf7+ Kd6 72. Qf6+ Be6 73. Qxe6+ Kc5 74. Qc4+ Kd6 75. Qa6+ Kc5 76. Qc6+ Kxb4 1-0